 Dungeon Crawl Stone Soup version 0.25.1-8-g42b30a86e7 (webtiles) character file.

Game seed: 11235498559115568163

36221 hawla the Thaumaturge (level 13, -10/102 HPs)
             Began as a Purple Draconian Conjurer on Dec 10, 2020.
             Was a High Priest of Vehumet.
             Shot with an arrow by a centaur warrior (18 damage)
             ... on level 15 of the Dungeon.
             The game lasted 01:16:07 (21251 turns).

hawla the Thaumaturge (Purple Draconian Conjurer)  Turns: 21251, Time: 01:16:07

Health: -10/102    AC: 13    Str: 15    XL:     13   Next: 51%
Magic:  23/31      EV: 19    Int: 26    God:    Vehumet [*****.]
Gold:   703        SH:  0    Dex: 12    Spells: 7/40 levels left

rFire    . . .     SeeInvis .   U - +2 lajatang (vamp)
rCold    . . .     Gourm    .   (shield currently unavailable)
rNeg     + . .     Faith    .   (armour unavailable)
rPois    .         Spirit   .   (helmet restricted)
rElec    .         Reflect  .   F - +2 cloak
rCorr    .         Harm     .   s - +0 pair of gloves
MR       +....                  e - +0 pair of boots
Stlth    ++........             q - amulet of magic regeneration
HPRegen  0.27/turn              H - +6 ring of intelligence
MPRegen  0.47/turn              p - ring of Kejek {rN+ EV+4 Str+2}

@: confused, frozen ramparts
A: breathe power, unfitting armour, camouflage 1, strong 1, cold-blooded, AC +8
a: Breathe Dispelling Energy, Renounce Religion


You were on level 15 of the Dungeon.
You worshipped Vehumet.
Vehumet was extremely pleased with you.
You were hungry.

You visited 2 branches of the dungeon, and saw 16 of its levels.

You collected 2151 gold pieces.
You spent 1448 gold pieces at shops.

Inventory:

Hand Weapons
 a - a +3 scimitar of flaming
 N - a +0 quarterstaff
 U - a +2 vampiric lajatang (weapon)
Armour
 e - a +0 pair of boots (worn)
 s - a +0 pair of gloves (worn)
 F - a +2 cloak (worn)
Magical Staves
 T - an uncursed staff of conjuration
Jewellery
 h - an uncursed ring of flight
 p - the ring of Kejek (right hand) {rN+ EV+4 Str+2}
   (You bought it in a shop on level 6 of the Dungeon)

   [ring of evasion]

   It affects your evasion (+4).
   It affects your strength (+2).
   It protects you from negative energy.
 q - an amulet of magic regeneration (around neck)
 z - an uncursed ring of protection from cold
 H - a +6 ring of intelligence (left hand)
Wands
 l - a wand of paralysis (1)
 t - a wand of flame (29)
 K - a wand of disintegration (23)
 L - a wand of digging (6)
Scrolls
 c - 2 scrolls of enchant armour
 d - 3 scrolls of magic mapping
 g - 9 scrolls of remove curse
 i - 4 scrolls of enchant weapon
 j - 4 scrolls of amnesia
 m - 3 scrolls of teleportation
 r - a scroll of identify
 C - 3 scrolls of fear
Potions
 k - 4 potions of brilliance
 n - 3 potions of flight
 o - 2 potions of stabbing
 A - 3 potions of curing
 D - 2 potions of haste
 M - a potion of magic
 O - 2 potions of lignification
 P - a potion of might
 S - a potion of cancellation
Comestibles
 b - 18 rations
 f - 5 chunks of flesh


   Skills:
 - Level 6.1 Fighting
 - Level 1.9 Staves
 - Level 0.1 Throwing
 - Level 5.7 Dodging
 - Level 3.1 Stealth
 + Level 14.1 Spellcasting
 * Level 9.2 Conjurations
 - Level 6.5 Translocations
 - Level 8.5 Ice Magic
 - Level 8.5 Air Magic
 * Level 2.9 Earth Magic
 - Level 3.9 Poison Magic
 - Level 5.0 Evocations


You had 7 spell levels left.
You knew the following spells:

 Your Spells              Type           Power        Failure   Level  Hunger
a - Magic Dart            Conj           ####         1%          1    None
b - Searing Ray           Conj           ######       1%          2    None
c - Iskenderun's Mystic   Conj/Tloc      ######..     1%          4    None
d - Freezing Cloud        Conj/Ice/Air   ######....   3%          6    ####...
e - Freeze                Ice            ####         1%          1    None
f - Frozen Ramparts       Ice            ######       1%          3    None
g - Airstrike             Air            ######....   1%          4    None
h - Olgreb's Toxic Radia  Pois           #####...     1%          4    None
i - Blink                 Tloc           N/A          1%          2    None
j - Iron Shot             Conj/Erth      ######....   11%         6    ####...

Your spell library contained the following spells:

 Spells                   Type           Power        Failure   Level  Hunger
 Apportation              Tloc           ######       1%          1    None
 Poisonous Vapours        Pois/Air       ######       1%          2    None
 Conjure Flame            Conj/Fire      #####...     1%          3    None
 Dazzling Flash           Conj/Hex       #####.       1%          3    None
 Mephitic Cloud           Conj/Pois/Air  ######..     1%          3    None
 Fulminant Prism          Conj/Hex       #####.....   1%          4    None
 Animate Skeleton         Necr           N/A          3%          1    None
 Corona                   Hex            ###....      3%          1    None
 Summon Small Mammal      Summ           ###.         3%          1    None
 Call Imp                 Summ           ###.....     4%          2    None
 Slow                     Hex            ###.....     4%          2    None
 Ring of Flames           Chrm/Fire      ###.......   100%        7    ######.


Dungeon Overview and Level Annotations

Branches:
Dungeon (15/15)            Temple (1/1) D:7             Orc (0/2) D:9
 Vaults (0/5) D:14
   Lair: D:8-11      Depths: D:15

Altars:
Ashenzari
Cheibriados
Dithmenos
Elyvilon
Fedhas
Gozag
Hepliaklqana
Kikubaaqudgha
Makhleb
Nemelex Xobeh
Okawaru
Qazlal
Ru
Sif Muna
Trog
Uskayaw
Vehumet
Wu Jian
Xom
Yredelemnul
Zin
The Shining One
Beogh

Shops:
D:6 =   D:7 *   D:11 =

Annotations:
D:3 2 transporters
D:8 Harold
D:10 3 runed translucent doors, exclusion: oklob plant, Plog's ghost, journeyman MiBe


Innate Abilities, Weirdness & Mutations

You can breathe bolts of dispelling energy.
Your rich purple scales are hard. (AC +8)
You cannot fit into any form of body armour.
You are cold-blooded and may be slowed by cold attacks.
Your skin changes colour to match your surroundings (Stealth+).
Your muscles are strong. (Str +2)


Message History

The centaur warrior is engulfed in freezing vapours.
The centaur warrior shoots an arrow.
The arrow hits you!!
The centaur is engulfed in freezing vapours. x2
The centaur warrior is engulfed in freezing vapours.
The centaur is engulfed in freezing vapours.
You kill the centaur!
Vehumet accepts your kill.
You feel your power returning.
The centaur is engulfed in freezing vapours.
You kill the centaur!
Vehumet accepts your kill.
The centaur warrior is engulfed in freezing vapours.
The centaur warrior shoots an arrow.
The arrow hits you!!
* * * LOW HITPOINT WARNING * * *
You see here 10 arrows.
You are confused.
You feel invigorated.
The centaur warrior is engulfed in freezing vapours.
The centaur warrior shoots an arrow.
The arrow hits you!!
You die...

#.#.....## #......... .#
#..?....# . #.§§§§§§#.#
#.§§☼§§§#.# #§§§§c§..#
#..§.....# #....(...#
#####@##.# #.##.########
#...........##
##(...........##
##..............#
......[...........#
###...............# ##
#....................# ..
#....##..............##.#


You could see a centaur warrior.

Vanquished Creatures
  Agnes (D:14)
  Josephine (D:14)
  A hydra (D:12)
  Erica (D:10)
  2 two-headed ogres
  2 centaur warriors (D:13)
  A wolf spider zombie (D:14)
  2 deep elf magi
  2 wizards
  An orc knight (D:14)
  2 ugly things
  A wolf spider (D:13)
  A cyclops (D:15)
  A manticore (D:12)
  Maurice (D:11)
  A guardian serpent (shapeshifter) (D:13)
  3 centaur zombies
  Psyche (D:8)
  3 gargoyles
  3 centaur skeletons
  A freezing wraith (D:14)
  A komodo dragon (D:14)
  Maggie (D:6)
  2 kobold demonologists (D:14)
  An efreet (D:14)
  A queen bee (D:10)
  3 trolls
  A hornet (D:8)
  Prince Ribbit (D:6)
  6 slime creatures
  4 hippogriffs
  3 wyverns
  4 wraiths (D:14)
  25 yaks
  2 shadows (D:13)
  Eustachio (D:4)
  A vampire (D:11)
  A basilisk (D:15)
  8 vampire mosquitoes
  A hungry ghost (D:12)
  A soldier ant (shapeshifter) (D:13)
  3 acid dragons
  2 water moccasins
  Duvessa (D:6)
  2 black bears
  3 ice beasts
  8 orc warriors
  3 sky beasts
  8 ogres
  3 phantoms
  2 eyes of draining
  20 centaurs
  A crocodile (D:14)
  4 big kobolds
  2 gnoll sergeants
  7 bullfrogs
  2 wyvern skeletons
  7 scorpions
  Dowan (D:6)
  14 killer bees (D:10)
  10 wights
  5 howler monkeys
  10 crimson imps
  2 quasits
  8 orc priests
  6 hounds
  8 jellies
  10 orc wizards
  Crazy Yiuf (D:6)
  3 bullfrog skeletons
  A gnoll shaman (D:7)
  4 iguanas
  16 worker ants
  A hound zombie (D:2)
  A worker ant zombie (D:10)
  A howler monkey skeleton (D:6)
  14 gnolls
  8 adders
  A shadow imp (D:5)
  2 oozes (D:3)
  An adder zombie (D:8)
  4 worms
  3 dart slugs (D:1)
  6 leopard geckos
  56 orcs
  11 bats
  8 giant cockroaches
  8 goblins
  17 hobgoblins
  16 jackals
  4 quokkas
  A ball python (D:2)
  A ball python zombie (D:6)
  7 frilled lizards
  35 kobolds
  A leopard gecko skeleton (D:4)
  2 quokka skeletons
  A quokka zombie (D:5)
  2 rats
489 creatures vanquished.

Vanquished Creatures (others)
  An orc wizard (D:3)
  A hobgoblin (D:1)
  15 bushes (D:14)
  3 plants (D:10)
20 creatures vanquished.

Grand Total: 509 creatures vanquished

Notes
Turn   | Place    | Note
-------+----------+-------------------------------------------
     0 | D:1      | hawla the Draconian Conjurer began the quest for the Orb.
     0 | D:1      | Reached XP level 1. HP: 14/14 MP: 3/3
   609 | D:1      | Reached XP level 2. HP: 20/20 MP: 2/5
   651 | D:1      | Learned a level 2 spell: Searing Ray
   932 | D:1      | Reached skill level 3 in Spellcasting
  1062 | D:1      | Reached XP level 3. HP: 11/26 MP: 0/7
  2190 | D:2      | Reached skill level 4 in Spellcasting
  2190 | D:2      | Reached XP level 4. HP: 31/33 MP: 5/10
  2251 | D:2      | Learned a level 4 spell: Iskenderun's Mystic Blast
  2770 | D:2      | Reached skill level 1 in Translocations
  3212 | D:3      | Found a transporter.
  3597 | D:3      | Reached XP level 5. HP: 38/38 MP: 1/11
  4221 | D:3      | You fall into a shaft and drop 2 floors!
  4221 | D:5      | Entered Level 5 of the Dungeon
  4225 | D:5      | Reached XP level 6. HP: 45/45 MP: 6/12
  4398 | D:5      | Reached skill level 5 in Conjurations
  4605 | D:3      | Found a faded altar of an unknown god.
  4631 | D:3      | Found a transporter.
  5315 | D:4      | Noticed Eustachio
  5329 | D:4      | Killed Eustachio
  5329 | D:4      | Reached skill level 5 in Translocations
  5329 | D:4      | Your scales start taking on a rich purple colour.
  5329 | D:4      | Reached XP level 7. HP: 49/50 MP: 1/14
  5783 | D:5      | Identified a scroll of acquirement
  5783 | D:5      | Acquired 1210 gold pieces
  6399 | D:5      | Reached XP level 8. HP: 57/57 MP: 12/15
  6976 | D:6      | Noticed Prince Ribbit
  6988 | D:5      | Reached skill level 5 in Spellcasting
  7182 | D:6      | Killed Prince Ribbit
  7182 | D:6      | Reached skill level 1 in Fighting
  7182 | D:6      | Reached skill level 1 in Evocations
  7482 | D:6      | Reached skill level 6 in Spellcasting
  7674 | D:6      | Noticed Maggie
  7700 | D:6      | HP: 2/91 [Maggie/bolt of fire (10)]
  7702 | D:6      | Killed Maggie
  7702 | D:6      | Reached XP level 9. HP: 3/68 MP: 1/19
  8047 | D:6      | Found Ycism's Jewellery Emporium.
  8050 | D:6      | Bought the ring of Kejek {rN+ EV+4 Str+2} for 668 gold
                  | pieces
  8050 | D:6      | Bought an uncursed amulet of magic regeneration for 390
                  | gold pieces
  8050 | D:6      | Bought an uncursed amulet of reflection for 390 gold pieces
  8089 | D:6      | Reached skill level 7 in Spellcasting
  8155 | D:6      | Noticed Duvessa
  8155 | D:6      | Noticed Dowan
  8165 | D:6      | Killed Dowan
  8167 | D:6      | Killed Duvessa
  8484 | D:6      | Learned a level 6 spell: Freezing Cloud
  8819 | D:6      | Found a runed translucent door.
  8820 | D:6      | Noticed Crazy Yiuf
  9038 | D:7      | Found Tekudy's General Store.
  9114 | D:7      | Reached skill level 1 in Ice Magic
  9114 | D:7      | Reached skill level 1 in Air Magic
  9245 | D:7      | Found a staircase to the Ecumenical Temple.
  9255 | Temple   | Entered the Ecumenical Temple
  9485 | Temple   | Became a worshipper of Vehumet
  9754 | D:6      | Killed Crazy Yiuf
 10319 | D:8      | Noticed Psyche
 10326 | D:8      | Found an opulent altar of Gozag.
 10350 | D:8      | Killed Psyche
 10429 | D:8      | Noticed Harold
 10436 | D:8      | Paralysed by Harold for 7 turns
 10626 | D:8      | Reached skill level 5 in Ice Magic
 10626 | D:8      | Reached skill level 5 in Air Magic
 10626 | D:8      | Reached XP level 10. HP: 55/77 MP: 8/20
 10742 | D:7      | Reached * piety under Vehumet
 10742 | D:7      | Offered knowledge of Freeze by Vehumet.
 10749 | D:7      | Learned a level 1 spell: Freeze
 11216 | D:8      | Got a masterwork war axe
 11217 | D:8      | Identified the +4 war axe of Utson {vorpal, rN+ Str+3} (You
                  | found it on level 8 of the Dungeon)
 11635 | D:9      | Noticed a two-headed ogre
 11647 | D:9      | Killed a two-headed ogre
 11973 | D:9      | Offered knowledge of Shock by Vehumet.
 11982 | D:9      | Reached ** piety under Vehumet
 12082 | D:9      | Found a staircase to the Orcish Mines.
 12102 | D:9      | Found a roughly hewn altar of Beogh.
 12951 | D:10     | Entered Level 10 of the Dungeon
 12951 | D:10     | Found a sparkling altar of Nemelex Xobeh.
 12951 | D:10     | Found a runed translucent gate.
 12951 | D:10     | Noticed an oklob plant
 12952 | D:10     | Found a runed translucent gate.
 12953 | D:10     | Found a runed translucent gate.
 12953 | D:10     | Noticed Plog's ghost (journeyman MiBe)
 12953 | D:10     | Noticed a 12-headed hydra
 13359 | D:10     | Offered knowledge of Frozen Ramparts by Vehumet.
 13366 | D:10     | Reached XP level 11. HP: 71/82 MP: 16/22
 13371 | D:10     | Learned a level 3 spell: Frozen Ramparts
 13522 | D:10     | Reached *** piety under Vehumet
 13667 | D:10     | Offered knowledge of Airstrike by Vehumet.
 13857 | D:10     | Noticed Erica
 13865 | D:10     | Killed Erica
 13865 | D:10     | Reached skill level 8 in Spellcasting
 14065 | D:11     | Learned a level 4 spell: Airstrike
 14514 | D:11     | Noticed Maurice
 14522 | D:11     | Killed Maurice
 15043 | D:11     | Found Achiyn Beuco's Jewellery Emporium.
 15574 | D:12     | Reached **** piety under Vehumet
 15595 | D:12     | Offered knowledge of Olgreb's Toxic Radiance by Vehumet.
 15695 | D:12     | Learned a level 4 spell: Olgreb's Toxic Radiance
 15715 | D:12     | Reached skill level 1 in Poison Magic
 15768 | D:12     | Noticed a brown ugly thing
 15768 | D:12     | Noticed a five-headed hydra
 15774 | D:12     | Killed a five-headed hydra
 15774 | D:12     | Reached skill level 9 in Spellcasting
 15776 | D:12     | Killed a brown ugly thing
 16234 | D:13     | Reached XP level 12. HP: 82/91 MP: 7/25
 16238 | D:13     | Reached skill level 10 in Spellcasting
 16431 | D:13     | Reached ***** piety under Vehumet
 16431 | D:13     | Offered knowledge of Fireball by Vehumet.
 17091 | D:13     | You fall into a shaft and drop 1 floor!
 17106 | D:14     | Reached skill level 11 in Spellcasting
 17588 | D:13     | Noticed a centaur warrior
 17599 | D:13     | Killed a centaur warrior
 17599 | D:13     | Reached skill level 5 in Fighting
 17848 | D:13     | Learned a level 2 spell: Blink
 17920 | D:13     | Noticed a centaur warrior
 17928 | D:13     | Killed a centaur warrior
 18173 | D:13     | Reached skill level 12 in Spellcasting
 18630 | D:14     | Reached skill level 5 in Dodging
 18903 | D:14     | Noticed Agnes
 18913 | D:14     | Killed Agnes
 18913 | D:14     | Reached skill level 13 in Spellcasting
 18958 | D:14     | HP: 4/95 [efreet/fireball (27)]
 19322 | D:14     | Reached XP level 13. HP: 81/102 MP: 30/30
 19435 | D:14     | Reached skill level 1 in Staves
 19437 | D:14     | Reached skill level 5 in Evocations
 19541 | D:14     | Found a gate to the Vaults.
 19610 | D:14     | Noticed Josephine
 19617 | D:14     | Offered knowledge of Iron Shot by Vehumet.
 19620 | D:14     | Killed Josephine
 19820 | D:14     | Learned a level 6 spell: Iron Shot
 19828 | D:14     | Found a blossoming altar of Fedhas.
 20238 | D:14     | Reached skill level 1 in Earth Magic
 20347 | D:15     | Entered Level 15 of the Dungeon
 20351 | D:15     | Reached skill level 14 in Spellcasting
 20538 | Temple   | Gained mutation: Your skin changes colour to match your
                  | surroundings (Stealth+). [potion of mutation]
 20538 | Temple   | Gained mutation: Your muscles are strong. (Str +2) [potion
                  | of mutation]
 21250 | D:15     | HP: 3/102 [centaur warrior/arrow (30)]
 21251 | D:15     | Shot with an arrow by a centaur warrior

Illustrated notes

Levels and vault maps discovered:
D:1:      nzn_arrival_crosshair, layout_loops_ring
D:2:      layout_basic, first_ration
D:3:      gammafunk_steamed_eel, layout_rooms, chequers_ecumenical_altar_twisty,
          guppyfry_early_lair_pool
D:4:      layout_basic, uniq_eustachio
D:5:      layout_gridville, chequers_mini_garden, minmay_misc_feat_ornament
D:6:      layout_loops_ring, serial_shops, nicolae_shop_behind_doors,
          uniq_maggie, uniq_crazy_yiuf_cottage, uniq_duvessa,
          uniq_prince_ribbit1
D:7:      layout_rooms, minmay_temple_entry_wispy, serial_shops, shop
D:8:      layout_rooms, grunt_gozag_breadcrumbs, due_unseen_surprise,
          uniq_harold, uniq_psyche
D:9:      layout_cave_pods, minmay_orc_entry_temple_large
D:10:     layout_basic, minmay_lair_entry_grove, gammafunk_ghost_hydra_chop,
          david_nohive_1, lemuel_oklob_altar, uniq_erica
D:11:     layout_grid_maze, serial_shops, shop, uniq_maurice
D:12:     layout_roguey
D:13:     minmay_stepped, layout_loops_cross
D:14:     layout_loops_ring, david_vaults_1, serial_park_gazebo
          [serial_park_minivault_5x5_4], kennysheep_generic_room_9,
          uniq_josephine, uniq_agnes
D:15:     hangedman_depths_entry_try_elsewhere_first, layout_rooms,
          bh_walls_and_bars, roderic_serpentine_path
Temple:   regret_index_temple_sigil_plot

Skill      XL: |  1  2  3  4  5  6  7  8  9 10 11 12 13 |
---------------+----------------------------------------+-----
Spellcasting   | 3 4 6 7 9 13 14 | 14.1
Translocations | 2 3 5 6 |  6.5
Conjurations   | 5 6 7 8 9 |  9.2
Fighting       | 2 3 5 6 |  6.1
Dodging        | 3 5 |  5.7
Stealth        | 2 3 |  3.1
Evocations     | 2 3 4 5 |  5.0
Ice Magic      | 5 7 8 |  8.5
Air Magic      | 5 7 8 |  8.5
Poison Magic   | 3 |  3.9
Staves         | 1 |  1.9
Earth Magic    | 2 |  2.9
Throwing       | |  0.1

Action                   |  1- 3 |  4- 6 |  7- 9 | 10-12 | 13-15 || total
-------------------------+-------+-------+-------+-------+-------++-------
Melee: Unarmed           |    73 |    54 |    29 |       |       ||   156
       Tailslap          |     9 |     4 |     3 |     6 |     3 ||    25
       Quarterstaff      |       |       |     1 |    24 |       ||    25
       Staff             |       |       |       |    23 |       ||    23
       Lajatang          |       |       |       |     8 |    13 ||    21
Throw: Dart              |       |       |     2 |    15 |       ||    17
       Boomerang         |       |       |       |     4 |       ||     4
 Cast: Magic Dart        |    57 |    63 |    58 |   163 |    27 ||   368
       Searing Ray       |    17 |    45 |    73 |   156 |    40 ||   331
       Iskenderun's Myst |       |     1 |    31 |    64 |    22 ||   118
       Freeze            |       |       |       |    20 |       ||    20
       Freezing Cloud    |       |       |       |     9 |     8 ||    17
       Frozen Ramparts   |       |       |       |    32 |    14 ||    46
       Olgreb's Toxic Ra |       |       |       |    18 |     3 ||    21
       Airstrike         |       |       |       |     3 |       ||     3
       Iron Shot         |       |       |       |       |     8 ||     8
  Use: Scroll            |     5 |     2 |     9 |     8 |     1 ||    25
       Potion            |     1 |     3 |     6 |     5 |     2 ||    17
  Eat: Chunk             |     5 |     8 |    14 |    28 |     3 ||    58
       Ration            |       |     1 |     2 |     1 |     2 ||     6
Armor: Skin              |    24 |    34 |    85 |   116 |    34 ||   293
Dodge: Dodged            |    58 |    68 |   159 |   242 |   103 ||   630
